 Dungeon Crawl Stone Soup version 0.20-a0-809-gaf7f668 (webtiles) character file.

5460 George the Cleaver (level 10, -7/88 HPs)
             Began as a Hill Orc Fighter on Mar 3, 2017.
             Was a Believer of Qazlal.
             Mangled by a two-headed ogre
             ... wielding a +0 giant club
              (23 damage)
             ... on level 10 of the Dungeon.
             The game lasted 00:15:17 (9067 turns).

George the Cleaver (Hill Orc Fighter)               Turns: 9067, Time: 00:15:18

Health: -7/88      AC: 15    Str: 23    XL:     10   Next: 68%
Magic:  16/16      EV: 14    Int:  8    God:    Qazlal [**....]
Gold:   239        SH: 14    Dex: 10    Spells: 9/9 levels left

rFire    . . .     SeeInvis +   C - +4 war axe (freeze)
rCold    + . .     Gourm    .   o - +0 chain mail {rC+}
rNeg     . . .     Faith    .   K - +2 shield
rPois    .         Spirit   .   J - +0 helmet
rElec    .         Reflect  .   (no cloak)
rCorr    .         Harm     .   (no gloves)
MR       .....                  x - +2 pair of boots {run}
Stlth    ..........             s - amulet of rage
Regen    0.3/turn               E - ring of see invisible
MPRegen  0.2/turn               a - +6 ring of evasion

@: quick
A: no striking features
a: Upheaval, Renounce Religion, Evoke Berserk Rage


You were on level 10 of the Dungeon.
You worshipped Qazlal.
Qazlal was pleased with you.
You were hungry.

You visited 2 branches of the dungeon, and saw 11 of its levels.

You collected 419 gold pieces.
You spent 180 gold pieces at shops.

Inventory:

Hand Weapons
 C - a +4 war axe of freezing (weapon)
Armour
 o - a +0 chain mail of cold resistance (worn)
 x - a +2 pair of boots of running (worn)
 J - a +0 helmet (worn)
 K - a +2 shield (worn)
Jewellery
 a - a +6 ring of evasion (left hand)
 s - an amulet of rage (around neck)
 E - a ring of see invisible (right hand)
Wands
 c - a wand of polymorph (11/24)
 v - a wand of disintegration (15/24)
 y - a wand of acid (15/15)
 A - a wand of lightning (1/15)
 B - a wand of digging (9/24)
 H - a wand of disintegration (16/24)
Scrolls
 j - a scroll of immolation {unknown}
 k - 5 scrolls of recharging
 m - a scroll of random uselessness {unknown}
 n - 2 scrolls of teleportation
 t - 2 scrolls of remove curse
 u - 4 scrolls of enchant weapon
 D - 2 scrolls of fog
Potions
 b - 6 potions of curing
 d - 3 potions of might
 e - 3 potions of heal wounds {unknown}
 i - 2 potions of haste
 p - a potion of ambrosia {unknown}
 q - a potion of agility {unknown}
 w - a potion of resistance {unknown}
 z - 3 potions of mutation
 F - 2 potions of lignification {unknown}
 G - a potion of berserk rage {unknown}
 I - a potion of degeneration {unknown}
Comestibles
 f - 4 bread rations
 g - 2 meat rations
 h - 3 chunks of flesh
 l - 2 royal jellies


   Skills:
 + Level 8.2 Fighting
 + Level 12.4 Axes
 + Level 7.5 Armour
 + Level 4.9 Dodging
 - Level 3.2 Shields
 + Level 8.0 Invocations


You had 9 spell levels left.
You didn't know any spells.

Dungeon Overview and Level Annotations

Branches:
Dungeon (10/15)            Temple (1/1) D:7
   Lair: D:8-11         Orc: D:9-12

Altars:
Ashenzari
Cheibriados
Dithmenos
Elyvilon
Fedhas
Gozag
Hepliaklqana
Kikubaaqudgha
Makhleb
Nemelex Xobeh
Okawaru
Qazlal
Ru
Sif Muna
Trog
Uskayaw
Vehumet
Wu Jian
Xom
Yredelemnul
Zin
The Shining One

Shops:
D:5 [   D:8 :(=([   D:9 (


Message History

The iguana hisses angrily.
You slash the two-headed ogre! You freeze the two-headed ogre.
The two-headed ogre is almost dead.
You hear a bellow!
The wight hits you but does no damage.
The two-headed ogre hits you with a giant club!
* * * LOW HITPOINT WARNING * * *
The two-headed ogre barely misses you.
An orc skeleton comes into view.
A yak and a skeleton come into view.
You feel sick.
Okay, then.
You hear a shout!
An orc and a zombie come into view.
You feel sick.
You are no longer poisoned.
The orc shouts!
An ogre zombie comes into view.
The two-headed ogre hits you with a giant club!!
You die...

#....#.#.
#..)..#.#.#.#.
#######Y#.#z#.#.#.#
#......†.#O#.#.#.#
#.......#.#.#.#.#
#.......l#.#.#.#
#......Y#z#.#.#
#........#O#.#.#
#######.#.#@#.#.#
#.#.#T#Z#.#Z
##.#.#####Z ...Z..#
.....oZ.#
#........#
#.......Z#
#.........
#.........


You could see a two-headed ogre, a troll, an iguana, a wight, an orc, an ogre
zombie and an orc skeleton.

Vanquished Creatures
  A two-headed ogre (D:9)
  Joseph (D:9)
  A hornet (D:9)
  2 hippogriffs
  Grum (D:8)
  A steam dragon (D:9)
  An ice beast (D:5)
  Duvessa (D:5)
  A sky beast (D:9)
  A black bear (D:8)
  2 orc warriors (D:9)
  An ogre (D:7)
  2 phantoms
  5 centaurs
  3 wolves (D:8)
  Blork the orc (D:5)
  Dowan (D:5)
  A wyvern zombie (D:9)
  A scorpion (D:8)
  15 killer bees
  5 wights
  5 crimson imps
  A bullfrog zombie (D:8)
  A centaur zombie (D:8)
  2 centaur skeletons
  An orc priest (D:9)
  5 hounds
  Terence (D:3)
  2 iguanas
  Natasha (thrice) (D:3)
  5 orc wizards
  2 worker ants
  A killer bee zombie (D:9)
  A howler monkey zombie (D:7)
  A worker ant zombie (D:6)
  3 gnolls (D:2)
  17 adders
  A howler monkey skeleton (D:6)
  2 oozes
  2 worms
  A dart slug (D:1)
  3 leopard geckos
  21 orcs
  3 giant cockroaches
  10 goblins
  6 hobgoblins
  2 jackals (D:8)
  5 quokkas
  5 ball pythons
  10 bats
  7 frilled lizards
  7 kobolds
  2 leopard gecko skeletons
  12 rats
198 creatures vanquished.

Notes
Turn   | Place    | Note
-------+----------+-------------------------------------------
     0 | D:1      | George the Hill Orc Fighter began the quest for the Orb.
     0 | D:1      | Reached XP level 1. HP: 19/19 MP: 1/1
    26 | D:1      | Reached skill level 3 in Axes
   104 | D:1      | Reached XP level 2. HP: 23/26 MP: 2/2
   351 | D:1      | Reached skill level 4 in Axes
   433 | D:1      | Reached XP level 3. HP: 26/31 MP: 3/3
   981 | D:2      | Reached skill level 5 in Axes
  1330 | D:2      | Reached XP level 4. HP: 34/39 MP: 4/4
  1346 | D:2      | Reached skill level 6 in Axes
  1933 | D:2      | Reached XP level 5. HP: 32/45 MP: 5/5
  2341 | D:3      | Found a shattered altar of Ashenzari.
  2347 | D:3      | Reached skill level 7 in Axes
  2362 | D:3      | Noticed Terence
  2366 | D:3      | Killed Terence
  2550 | D:3      | Noticed Natasha
  2557 | D:3      | Killed Natasha
  2589 | D:3      | Noticed Natasha
  2600 | D:3      | Killed Natasha
  2600 | D:3      | Reached skill level 8 in Axes
  2600 | D:3      | Reached XP level 6. HP: 34/51 MP: 6/6
  2734 | D:3      | Noticed Natasha
  2743 | D:3      | Killed Natasha
  3179 | D:4      | Reached skill level 9 in Axes
  3625 | D:4      | Reached XP level 7. HP: 57/57 MP: 7/7
  3721 | D:4      | Reached skill level 10 in Axes
  3728 | D:4      | Found a stormy altar of Qazlal.
  3728 | D:4      | Found a sparkling altar of Nemelex Xobeh.
  3728 | D:4      | Found an ornate altar of the Wu Jian Council.
  3734 | D:4      | Became a worshipper of Qazlal Stormbringer
  3801 | D:4      | Found an ancient bone altar of Kikubaaqudgha.
  4015 | D:5      | Entered Level 5 of the Dungeon
  4164 | D:5      | Found a stormy altar of Qazlal.
  4170 | D:5      | Noticed Blork the orc
  4184 | D:5      | Killed Blork the orc
  4184 | D:5      | Reached skill level 1 in Invocations
  4254 | D:5      | Noticed Dowan
  4255 | D:5      | Noticed Duvessa
  4267 | D:5      | Killed Duvessa
  4267 | D:5      | Reached skill level 1 in Dodging
  4270 | D:5      | Killed Dowan
  4270 | D:5      | Reached XP level 8. HP: 66/67 MP: 9/9
  4501 | D:5      | Found Estuf's Antique Armour Shoppe.
  4508 | D:5      | Bought a pair of embroidered boots for 180 gold pieces
  4513 | D:5      | Identified a +2 pair of boots of running (You bought it in a shop on level 5 of the Dungeon)
  5003 | D:6      | Reached skill level 5 in Fighting
  5191 | D:6      | Found a sparkling altar of Nemelex Xobeh.
  5283 | D:7      | Noticed a hippogriff
  5299 | D:7      | Killed a hippogriff
  5299 | D:7      | Reached skill level 5 in Armour
  5571 | D:7      | Reached XP level 9. HP: 48/75 MP: 12/12
  5587 | D:7      | HP: 1/75 [wight/enchanted halberd (6)]
  5878 | D:6      | Reached skill level 11 in Axes
  5985 | D:7      | HP: 3/75 [wight/enchanted halberd (1)]
  6527 | D:7      | Reached * piety under Qazlal
  6542 | D:7      | Reached skill level 5 in Invocations
  6629 | D:7      | Found a staircase to the Ecumenical Temple.
  6638 | Temple   | Entered the Ecumenical Temple
  6999 | D:8      | Found Puno's Armour Emporium.
  7021 | D:8      | Noticed Grum
  7291 | D:8      | Killed Grum
  7372 | D:8      | Found Qos Qisui's Antique Weapon Boutique.
  7495 | D:8      | Found Yfahoceu's Weapon Shop.
  7596 | D:8      | Found Binu's Jewellery Shop.
  7630 | D:8      | Found a shadowy altar of Dithmenos.
  7676 | D:8      | Found Evept's Book Shop.
  7824 | D:9      | Noticed a two-headed ogre
  7834 | D:9      | Killed a two-headed ogre
  7834 | D:9      | Reached XP level 10. HP: 70/86 MP: 13/15
  7835 | D:9      | Noticed Joseph
  7851 | D:9      | Killed Joseph
  7851 | D:9      | Reached skill level 12 in Axes
  7967 | D:9      | Found a burning altar of Makhleb.
  7968 | D:9      | Found a radiant altar of Vehumet.
  7969 | D:9      | Found a sacrificial altar of Ru.
  8216 | D:9      | Reached ** piety under Qazlal
  8355 | D:9      | Found Izusoor's Antique Weapon Shoppe.
  9023 | D:10     | Entered Level 10 of the Dungeon
  9049 | D:10     | Noticed a two-headed ogre
  9067 | D:10     | Mangled by a two-headed ogre

Vault maps used:
D:1:      dpeg_arrival_subterranean_lakeside_camping
D:2:      minmay_misc_feat_four_crosses, serial_bayou_lagoon_a, minmay_quantized
D:3:      ashenzari_altar_1, roderic_bipointed_swastika, uniq_terence,
          uniq_natasha
D:4:      overflow_temple_1_default, gammafunk_temple_overflow_forgotten,
          first_bread, minmay_misc_feat_roman
D:5:      basic_altar, serial_shops, shop, uniq_blork_the_orc, uniq_duvessa
D:6:      nemelex_spade_bored_becter
D:7:      minmay_temple_entry_poolview
D:8:      marbit_many_paths, serial_shops, shop, shop_statue,
          nicolae_shop_crystal, nicolae_shop_stone, shop, uniq_grum
D:9:      minitemple, serial_shops, nicolae_shop_temple_entry_statues_fountains,
          uniq_joseph
D:10:     minmay_bloctagon, zombieorc2_lemuel, enter_bailey_2,
          minmay_misc_feat_rows
Temple:   dshaligram_water_room_temple

Skill      XL: |  1  2  3  4  5  6  7  8  9 10 |
---------------+-------------------------------+-----
Axes           | 3 4 5 6 8 9 10 11 12 | 12.4
Invocations    | 2 4 7 8 |  8.0
Fighting       | 4 5 7 8 |  8.2
Dodging        | 1 2 4 |  4.9
Armour         | 4 5 6 7 |  7.5
Shields        | |  3.2

Action                   |  1- 3 |  4- 6 |  7- 9 | 10-12 || total
-------------------------+-------+-------+-------+-------++-------
Melee: War axe           |   100 |   108 |   112 |    93 ||   413
       Hand axe          |       |   138 |   222 |       ||   360
 Abil: Evoke Berserk Rag |       |       |     1 |       ||     1
  Use: Scroll            |       |       |     8 |     3 ||    11
  Eat: Chunk             |     1 |     8 |    12 |     3 ||    24
       Royal jelly       |       |       |     1 |       ||     1
Armor: Scale mail        |    55 |    41 |       |       ||    96
       Chain mail        |       |    47 |   119 |    34 ||   200
Dodge: Dodged            |    42 |    48 |   155 |    44 ||   289
Block: Shield            |    71 |   102 |   154 |    69 ||   396
